Phantoms vs Little Stars
Created - March 10, 2022 at 19:32
Goals
|
Phantoms |
3 |
1 |
2 |
6 |
Little Stars |
1 |
1 |
3 |
5 |
|
Shots
|
Phantoms |
22 |
7 |
15 |
44 |
Little Stars |
12 |
11 |
15 |
38 |
|
1st period
1. Phantoms , Sven Andrighetto 12 (Brenden Kichton 8, Alex DeBrincat 17) at 4:19
2. Little Stars , Ilya Mikheyev 27 (Daniel O'regan 38, Jordan LaVallee 28) at 9:55
3. Phantoms , Nick Sorensen 6 (Cristoval Nieves 20, Erik Nystrom 7) at 17:25
4. Phantoms , Travis Konecny 38 (Ivan Provorov 16, Michael Bournival 19) at 19:43
Penalties :
Calle Jarnkrok (Leh) for Roughing (Minor) at 1:42
2nd period
5. Phantoms , Alex DeBrincat 13 (Nick Shore 22, Ivan Provorov 17) at 2:56
6. Little Stars , Joakim Nygard 6 (Jordan LaVallee 29, Reece Willcox 14) at 18:16
Penalties :
Sven Andrighetto (Leh) for Roughing (Minor) at 3:38, Brendan Leipsic (Leh) for Delaying the game (Minor) at 8:12, Nick Sorensen (Leh) for Tripping (Minor) at 12:06, Sebastian Wannstrom (Tex) for Roughing (Minor) at 15:03
3rd period
7. Little Stars , Michael Mersch 5 (Reece Willcox 15, Tucker Poolman 9) at 1:22
8. Little Stars , Joakim Nygard 7 (Zach Budish 10, Jason Dickinson 9) at 3:51
9. Little Stars , Ilya Mikheyev 28 (Daniel O'regan 39, Jordan LaVallee 30) at 4:54 (PP)
10. Phantoms , Lucas Wallmarkk 5 (Blake Heinrich 8) at 5:47
11. Phantoms , Lucas Wallmarkk 6 (Brendan Leipsic 5) at 8:10
Penalties :
Sven Andrighetto (Leh) for Holding Stick (Minor) at 4:49, Eric Knodel (Tex) for Hooking (Minor) at 10:00, Henrik Borgstrom (Tex) for High sticking (Minor) at 14:25, Lucas Wallmarkk (Leh) for Hooking (Minor) at 18:33
Goalie Stats
Anton Forsberg (Leh), 33 saves from 38 shots - (0.868), W, 19-8-1, 60:00 minutes
Connor Knapp (Tex), 38 saves from 44 shots - (0.864), L, 12-9-3, 58:45 minutes
Players Stats for Phantoms
Player Name G A P +/- PIM S H SB GA TA FO MP PP MP PK MP
------------------------------------------------------------------------------------
A.J. Greer 0 0 0 0 0 1 0 0 0 0 0/0 1:46 0:00 1:33
Alex DeBrincat 1 1 2 2 0 3 1 1 0 1 0/0 15:25 3:03 0:00
Anthony Angello 0 0 0 0 0 0 0 0 0 0 0/0 2:24 0:00 2:23
Blake Heinrich 0 1 1 -1 0 0 0 1 0 1 0/0 22:12 2:44 4:06
Brendan Leipsic 0 1 1 1 2 2 1 1 0 0 0/0 5:27 0:00 0:00
Brenden Kichton 0 1 1 2 0 0 1 0 0 1 0/0 9:34 0:00 0:00
Calle Jarnkrok 0 0 0 0 2 4 2 0 1 1 11/31 23:43 2:37 4:18
Cristoval Nieves 0 1 1 -1 0 2 0 0 1 0 4/8 9:52 0:00 0:06
David Kampf 0 0 0 0 0 0 0 0 0 0 0/0 0:38 0:33 0:00
Erik Nystrom 0 1 1 -1 0 3 0 1 0 0 0/0 9:46 0:00 0:00
Ivan Provorov 0 2 2 1 0 2 1 2 0 2 0/0 28:14 3:13 5:21
JC Lipon 0 0 0 1 0 0 0 0 0 0 1/1 5:30 0:09 0:00
Laurent Dauphin 0 0 0 0 0 0 0 0 0 0 0/0 0:25 0:25 0:00
Lucas Wallmarkk 2 0 2 1 2 2 0 0 0 0 2/3 5:20 0:00 0:00
Mark Alt 0 0 0 1 0 4 0 4 0 1 0/0 28:14 3:13 5:21
Michael Bournival 0 1 1 0 0 3 4 1 1 0 6/11 24:47 2:29 5:18
Mikko Lehtonen 0 0 0 2 0 0 0 0 0 0 0/0 9:34 0:00 0:00
Nick Shore 0 1 1 2 0 3 3 1 0 0 9/19 15:25 3:03 0:00
Nick Sorensen 1 0 1 -1 2 3 0 0 0 0 0/0 9:46 0:00 0:00
Rinat Valiev 0 0 0 -1 0 1 1 1 2 2 0/0 22:12 2:44 4:06
Sven Andrighetto 1 0 1 2 4 2 0 0 0 0 1/1 17:53 3:03 2:18
Travis Konecny 1 0 1 0 0 9 0 0 1 0 1/2 22:20 2:29 2:58
Players Stats for Little Stars
Player Name G A P +/- PIM S H SB GA TA FO MP PP MP PK MP
------------------------------------------------------------------------------------
Adam Tambellini 0 0 0 0 0 3 4 0 1 0 4/4 19:30 4:14 2:25
Anton Cederholm 0 0 0 -3 0 5 2 0 2 1 0/0 29:48 5:40 2:46
Daniel O'regan 0 2 2 -3 0 1 2 0 0 0 22/40 24:03 5:13 3:10
Daniil Tarasov 0 0 0 1 0 1 0 0 0 0 0/0 6:37 0:00 0:00
Eric Knodel 0 0 0 -3 2 3 1 2 1 1 0/0 28:40 5:40 1:39
Frederic Allard 0 0 0 1 0 0 0 0 0 0 0/0 9:41 0:00 0:00
Henrik Borgstrom 0 0 0 0 2 4 5 1 0 0 6/14 17:47 4:14 0:44
Ilya Mikheyev 2 0 2 -3 0 4 0 1 2 0 1/2 20:52 5:13 0:00
Jason Dickinson 0 1 1 0 0 0 1 0 0 0 4/8 11:38 0:00 2:03
Joakim Nygard 2 0 2 0 0 3 2 1 0 1 0/0 9:40 0:00 0:11
Jordan LaVallee 0 3 3 -3 0 5 1 1 1 1 1/3 24:13 5:13 3:21
Michael Mersch 1 0 1 1 0 1 0 0 0 0 0/0 6:37 0:00 0:00
Reece Willcox 0 2 2 0 0 0 0 0 0 2 0/0 20:31 3:47 3:11
Roman Horak 0 0 0 1 0 2 0 1 0 0 3/4 6:37 0:00 0:00
Sebastian Wannstrom 0 0 0 0 2 4 0 0 0 0 0/1 16:57 4:14 0:00
Tucker Poolman 0 1 1 0 0 1 0 0 0 0 0/0 21:09 3:47 3:48
Ville Pokka 0 0 0 1 0 0 0 0 0 0 0/0 10:11 0:00 0:30
Zach Budish 0 1 1 0 0 1 1 0 2 0 0/0 9:29 0:00 0:00
3 Stars
1 - Alex DeBrincat (Leh)
2 - Joakim Nygard (Tex)
3 - Lucas Wallmarkk (Leh)
Power Play
Phantoms - 0 on 3 Attempt(s) - 0.00%
Little Stars - 1 on 6 Attempt(s) - 16.67%
Penalty Kill
Phantoms - 5 on 6 Attempt(s) - 83.33%
- Score 0 goal in Penalty Kill
Little Stars - 3 on 3 Attempt(s) - 100.00%
- Score 0 goal in Penalty Kill
Team Stat
Phantoms - Hits : 14 - Faceoff Wins : 35 - Blocked Shots : 13 - Penalty Minutes : 12
Little Stars - Hits : 19 - Faceoff Wins : 41 - Blocked Shots : 7 - Penalty Minutes : 6
Official
Referees : Garrett Rank and Francois St. Laurent
Linesman : Julien Fournier and Tony Sericolo
Game Notes
No Game Note
Finance
Level 1 -- Attendance: 1960 (98.00%) -- Ticket Income $68,600
Level 2 -- Attendance: 881 (88.10%) -- Ticket Income $13,215
Total Attendance: 2841 (94.70%)
Total Ticket Income: $81,815
Other Income: $4,091
Total Income: $85,906
Phantoms
5 vs 5 Forward
Center Left Wing Right Wing Time % Phy DF OF
1 Calle Jarnkrok Michael Bournival Travis Konecny 40 1 2 2
2 Nick Shore Alex DeBrincat Sven Andrighetto 30 1 2 2
3 Cristoval Nieves Erik Nystrom Nick Sorensen 20 1 2 2
4 Lucas Wallmarkk Brendan Leipsic JC Lipon 10 1 2 2
5 vs 5 Defense
Defense Defense Time % Phy DF OF
1 Ivan Provorov Mark Alt 40 1 2 2
2 Blake Heinrich Rinat Valiev 30 1 2 2
3 Brenden Kichton Mikko Lehtonen 20 1 2 2
4 Ivan Provorov Mark Alt 10 1 2 2
PowerPlay Forward
Center Left Wing Right Wing Time % Phy DF OF
1 Calle Jarnkrok Michael Bournival Travis Konecny 60 1 2 2
2 Nick Shore Alex DeBrincat Sven Andrighetto 40 1 2 2
PowerPlay Defense
Defense Defense Time % Phy DF OF
1 Ivan Provorov Mark Alt 60 1 2 2
2 Blake Heinrich Rinat Valiev 40 1 2 2
Penalty Kill 4 Players Forward
Center Wing Time % Phy DF OF
1 Michael Bournival Calle Jarnkrok 60 1 2 2
2 Travis Konecny Sven Andrighetto 40 1 2 2
Penalty Kill 4 Players Defense
Defense Defense Time % Phy DF OF
1 Ivan Provorov Mark Alt 60 1 2 2
2 Blake Heinrich Rinat Valiev 40 1 2 2
Penalty Kill - 3 Players Forward
Forward Time % Phy DF OF
1 Michael Bournival 60 1 2 2
2 Calle Jarnkrok 40 1 2 2
Penalty Kill - 3 Players Defense
Defense Defense Time % Phy DF OF
1 Ivan Provorov Mark Alt 60 1 2 2
2 Blake Heinrich Rinat Valiev 40 1 2 2
4 vs 4 Forward
Center Wing Time % Phy DF OF
1 Michael Bournival Calle Jarnkrok 60 1 2 2
2 Travis Konecny Sven Andrighetto 40 1 2 2
4 vs 4 Defense
Defense Defense Time % Phy DF OF
1 Ivan Provorov Mark Alt 60 1 2 2
2 Blake Heinrich Rinat Valiev 40 1 2 2
Last Minutes Offensive
Center Left Wing Right Wing Defense Defense
Calle Jarnkrok Michael Bournival Travis Konecny Ivan Provorov Mark Alt
Last Minutes Defensive
Center Left Wing Right Wing Defense Defense
Calle Jarnkrok Michael Bournival Travis Konecny Ivan Provorov Mark Alt
Goaltenders
Starting : Anton Forsberg
Backup : Jason Kasdorf
Extra Forwards
Normal : David Kampf, Laurent Dauphin, Anthony Angello - PP : David Kampf, Laurent Dauphin - PK : Anthony Angello
Extra Defensemen
Normal : Brenden Kichton, Mikko Lehtonen, Blake Heinrich - PP : Brenden Kichton - PK : Mikko Lehtonen, Blake Heinrich
Penalty Shots
Michael Bournival, Calle Jarnkrok, Travis Konecny, Sven Andrighetto, Alex DeBrincat
Scratches
Cooper Marody (Healthy), Devon Teows (Torso Injury), Jake Dotchin (Sprained Right Ankle Injury), Morgan Klimchuk (Healthy), Reid McNeill (Healthy)
Brett Murray (Healthy), Matt Kiersted (Healthy), Riley Stillman (Healthy), Zachary Fucale (Healthy)
Little Stars
5 vs 5 Forward
Center Left Wing Right Wing Time % Phy DF OF
1 Daniel O'regan Jordan LaVallee Ilya Mikheyev 40 1 2 2
2 Henrik Borgstrom Adam Tambellini Sebastian Wannstrom 30 1 2 2
3 Jason Dickinson Joakim Nygard Zach Budish 20 1 2 2
4 Roman Horak Michael Mersch Daniil Tarasov 10 1 2 2
5 vs 5 Defense
Defense Defense Time % Phy DF OF
1 Anton Cederholm Eric Knodel 40 1 2 2
2 Reece Willcox Tucker Poolman 30 1 2 2
3 Ville Pokka Frederic Allard 20 1 2 2
4 Anton Cederholm Eric Knodel 10 1 2 2
PowerPlay Forward
Center Left Wing Right Wing Time % Phy DF OF
1 Daniel O'regan Jordan LaVallee Ilya Mikheyev 60 0 2 3
2 Henrik Borgstrom Adam Tambellini Sebastian Wannstrom 40 0 3 2
PowerPlay Defense
Defense Defense Time % Phy DF OF
1 Anton Cederholm Eric Knodel 60 0 3 2
2 Reece Willcox Tucker Poolman 40 0 2 3
Penalty Kill 4 Players Forward
Center Wing Time % Phy DF OF
1 Daniel O'regan Jordan LaVallee 60 0 3 2
2 Henrik Borgstrom Adam Tambellini 40 0 3 2
Penalty Kill 4 Players Defense
Defense Defense Time % Phy DF OF
1 Anton Cederholm Eric Knodel 60 0 3 2
2 Reece Willcox Tucker Poolman 40 0 3 2
Penalty Kill - 3 Players Forward
Forward Time % Phy DF OF
1 Daniel O'regan 60 0 3 2
2 Henrik Borgstrom 40 0 3 2
Penalty Kill - 3 Players Defense
Defense Defense Time % Phy DF OF
1 Anton Cederholm Eric Knodel 60 0 3 2
2 Reece Willcox Tucker Poolman 40 0 3 2
4 vs 4 Forward
Center Wing Time % Phy DF OF
1 Daniel O'regan Jordan LaVallee 60 0 2 3
2 Henrik Borgstrom Adam Tambellini 40 0 2 3
4 vs 4 Defense
Defense Defense Time % Phy DF OF
1 Anton Cederholm Eric Knodel 60 1 2 2
2 Reece Willcox Tucker Poolman 40 1 2 2
Last Minutes Offensive
Center Left Wing Right Wing Defense Defense
Daniel O'regan Jordan LaVallee Ilya Mikheyev Anton Cederholm Eric Knodel
Last Minutes Defensive
Center Left Wing Right Wing Defense Defense
Daniel O'regan Jordan LaVallee Ilya Mikheyev Anton Cederholm Eric Knodel
Goaltenders
Starting : Connor Knapp
Backup : Dustin Tokarski
Extra Forwards
Normal : Daniel O'regan, Sebastian Wannstrom, Zach Budish - PP : Daniel O'regan, Sebastian Wannstrom - PK : Daniel O'regan
Extra Defensemen
Normal : Tucker Poolman, Ville Pokka, Frederic Allard - PP : Tucker Poolman - PK : Tucker Poolman, Ville Pokka
Penalty Shots
Jordan LaVallee, Ilya Mikheyev, Adam Tambellini, Joakim Nygard, Daniel O'regan
Scratches
Emile Poirier (Healthy), Jean-Christophe Beaudin (Healthy), Justin Auger (Healthy), Lawrence Pilut (Healthy), Radel Fazleev (Healthy)
Rudolfs Balcers (Healthy), Shane Gersich (Healthy), Yakov Trenin (Healthy), Matt Luff (Healthy), Joey Anderson (Healthy)
Jonathan Dahlen (Healthy), Givani Smith (Healthy)
% Time on Ice - Phantoms
Lines # - Real PCT - Wanted PCT - Time Play
Normal Forward
1 - 38% - 40% - 17:00
2 - 28% - 30% - 12:29
3 - 22% - 20% - 9:46
4 - 12% - 10% - 5:21
Normal Defense
1 - 40% - 40% - 17:43
2 - 34% - 30% - 15:22
3 - 21% - 20% - 9:34
4 - 4% - 10% - 1:57
PP Forward
1 - 49% - 60% - 2:54
2 - 51% - 40% - 3:03
PP Defense
1 - 54% - 60% - 3:13
2 - 46% - 40% - 2:44
PK Forward
1 - 69% - 60% - 6:29
2 - 31% - 40% - 2:58
PK Defense
1 - 57% - 60% - 5:21
2 - 43% - 40% - 4:06
PK3 Forward
1 - 0% - 60%
2 - 0% - 40%
PK3 Defense
1 - 0% - 60%
2 - 0% - 40%
44 Forward
1 - 0% - 60%
2 - 0% - 40%
44 Defense
1 - 0% - 60%
2 - 0% - 40%
Last Minute Offensive - 0:00
Last Minute Defensive - 0:00
Total
Forward - 60:00
Defense - 60:00
|
% Time on Ice - Little Stars
Lines # - Real PCT - Wanted PCT - Time Play
Normal Forward
1 - 35% - 40% - 15:40
2 - 29% - 30% - 12:50
3 - 21% - 20% - 9:29
4 - 15% - 10% - 6:37
Normal Defense
1 - 43% - 40% - 19:05
2 - 30% - 30% - 13:33
3 - 22% - 20% - 9:41
4 - 5% - 10% - 2:17
PP Forward
1 - 55% - 60% - 5:13
2 - 45% - 40% - 4:14
PP Defense
1 - 60% - 60% - 5:40
2 - 40% - 40% - 3:47
PK Forward
1 - 75% - 60% - 4:28
2 - 25% - 40% - 1:29
PK Defense
1 - 46% - 60% - 2:46
2 - 54% - 40% - 3:11
PK3 Forward
1 - 0% - 60%
2 - 0% - 40%
PK3 Defense
1 - 0% - 60%
2 - 0% - 40%
44 Forward
1 - 0% - 60%
2 - 0% - 40%
44 Defense
1 - 0% - 60%
2 - 0% - 40%
Last Minute Offensive - 0:00
Last Minute Defensive - 0:00
Total
Forward - 60:00
Defense - 60:00
|
Play-by-Play
1st period
0:01 of 1st period - Daniel O'regan wins face-off versus Calle Jarnkrok in neutral zone.
0:14 of 1st period - Wrist shot by Ilya Mikheyev.
0:14 of 1st period - Shot Misses the Net.
0:35 of 1st period - Mark Alt is hit by Adam Tambellini and loses puck.
0:48 of 1st period - Wrist shot by Zach Budish.
0:48 of 1st period - Shot Blocked by Mark Alt.
1:15 of 1st period - Wrist shot by Brendan Leipsic.
1:15 of 1st period - Stopped by Connor Knapp with a rebound.
1:42 of 1st period - Minor Penalty to Calle Jarnkrok for Roughing.
1:43 of 1st period - Michael Bournival wins face-off versus Daniel O'regan in Phantoms zone.
2:19 of 1st period - Eric Knodel is hit by Ivan Provorov and loses puck.
3:18 of 1st period - Icing by Anton Cederholm.
3:19 of 1st period - Daniel O'regan wins face-off versus Travis Konecny in Little Stars zone.
3:42 of 1st period - Penalty to Calle Jarnkrok is over, Calle Jarnkrok is back on ice.
3:42 of 1st period - Anton Cederholm is hit by Michael Bournival and loses puck.
3:59 of 1st period - Wrist shot by Nick Shore.
3:59 of 1st period - Stopped by Connor Knapp without a rebound.
4:00 of 1st period - Jason Dickinson wins face-off versus Nick Shore in Little Stars zone.
4:15 of 1st period - Slapshot by Alex DeBrincat.
4:15 of 1st period - Shot Misses the Net.
4:17 of 1st period - Slapshot by Brenden Kichton.
4:17 of 1st period - Shot Hit the Post.
4:19 of 1st period - Snap shot by Sven Andrighetto.
4:19 of 1st period - Goal by Sven Andrighetto - Phantoms : 1 - Little Stars : 0.
4:20 of 1st period - Calle Jarnkrok wins face-off versus Daniel O'regan in neutral zone.
4:25 of 1st period - Slapshot by Michael Bournival.
4:25 of 1st period - Stopped by Connor Knapp without a rebound.
4:26 of 1st period - Daniel O'regan wins face-off versus Calle Jarnkrok in Little Stars zone.
4:31 of 1st period - Jordan LaVallee is hit by Calle Jarnkrok and loses puck.
4:56 of 1st period - Wrist shot by Adam Tambellini.
4:56 of 1st period - Stopped by Anton Forsberg without a rebound.
4:57 of 1st period - Nick Shore wins face-off versus Henrik Borgstrom in Phantoms zone.
5:02 of 1st period - Wrist shot by Sven Andrighetto.
5:02 of 1st period - Shot Misses the Net.
5:05 of 1st period - Icing by Tucker Poolman.
5:06 of 1st period - Sven Andrighetto wins face-off versus Henrik Borgstrom in Little Stars zone.
5:07 of 1st period - Snap shot by Nick Shore.
5:07 of 1st period - Shot Misses the Net.
5:09 of 1st period - Slapshot by Nick Shore.
5:09 of 1st period - Shot Misses the Net.
5:11 of 1st period - Slapshot by Ivan Provorov.
5:11 of 1st period - Shot Misses the Net.
5:13 of 1st period - Wrist shot by Sven Andrighetto.
5:13 of 1st period - Shot Misses the Net.
5:35 of 1st period - Wrist shot by Nick Shore.
5:35 of 1st period - Shot Misses the Net.
5:41 of 1st period - Alex DeBrincat is hit by Henrik Borgstrom and loses puck.
5:48 of 1st period - Snap shot by Henrik Borgstrom.
5:48 of 1st period - Stopped by Anton Forsberg without a rebound.
5:49 of 1st period - Daniel O'regan wins face-off versus Calle Jarnkrok in Phantoms zone.
6:38 of 1st period - Off-side.
6:39 of 1st period - JC Lipon wins face-off versus Roman Horak in neutral zone.
6:44 of 1st period - Slapshot by Brendan Leipsic.
6:44 of 1st period - Stopped by Connor Knapp with a rebound.
6:49 of 1st period - Off-side.
6:50 of 1st period - Daniel O'regan wins face-off versus Calle Jarnkrok in neutral zone.
6:55 of 1st period - Daniel O'regan is hit by Michael Bournival and loses puck.
7:43 of 1st period - Slapshot by Michael Mersch.
7:43 of 1st period - Shot Blocked by Erik Nystrom.
7:45 of 1st period - Wrist shot by Anton Cederholm.
7:45 of 1st period - Stopped by Anton Forsberg with a rebound.
8:05 of 1st period - Snap shot by Alex DeBrincat.
8:05 of 1st period - Stopped by Connor Knapp with a rebound.
8:48 of 1st period - Wrist shot by Daniil Tarasov.
8:48 of 1st period - Shot Blocked by Rinat Valiev.
8:56 of 1st period - Snap shot by Travis Konecny.
8:56 of 1st period - Stopped by Connor Knapp with a rebound.
8:58 of 1st period - Wrist shot by Travis Konecny.
8:58 of 1st period - Stopped by Connor Knapp with a rebound.
9:00 of 1st period - Wrist shot by Calle Jarnkrok.
9:00 of 1st period - Stopped by Connor Knapp with a rebound.
9:02 of 1st period - Slapshot by Blake Heinrich.
9:02 of 1st period - Shot Blocked by Roman Horak.
9:04 of 1st period - Wrist shot by Calle Jarnkrok.
9:04 of 1st period - Stopped by Connor Knapp with a rebound.
9:06 of 1st period - Wrist shot by Travis Konecny.
9:06 of 1st period - Shot Misses the Net.
9:10 of 1st period - Snap shot by Travis Konecny.
9:10 of 1st period - Shot Misses the Net.
9:12 of 1st period - Wrist shot by Calle Jarnkrok.
9:12 of 1st period - Shot Misses the Net.
9:14 of 1st period - Snap shot by Travis Konecny.
9:14 of 1st period - Stopped by Connor Knapp without a rebound.
9:15 of 1st period - Nick Shore wins face-off versus Daniel O'regan in Little Stars zone.
9:44 of 1st period - Daniel O'regan is hit by Brendan Leipsic and loses puck.
9:55 of 1st period - Snap shot by Ilya Mikheyev.
9:55 of 1st period - Goal by Ilya Mikheyev - Phantoms : 1 - Little Stars : 1.
9:56 of 1st period - Adam Tambellini wins face-off versus Calle Jarnkrok in neutral zone.
10:03 of 1st period - Wrist shot by Henrik Borgstrom.
10:03 of 1st period - Shot Misses the Net.
10:09 of 1st period - Slapshot by Adam Tambellini.
10:09 of 1st period - Stopped by Anton Forsberg with a rebound.
10:11 of 1st period - Snap shot by Anton Cederholm.
10:11 of 1st period - Shot Misses the Net.
10:26 of 1st period - Ilya Mikheyev is hit by Calle Jarnkrok and loses puck.
10:44 of 1st period - Icing by Jordan LaVallee.
10:45 of 1st period - Daniel O'regan wins face-off versus Nick Shore in Little Stars zone.
10:52 of 1st period - Wrist shot by Daniel O'regan.
10:52 of 1st period - Shot Blocked by Alex DeBrincat.
11:04 of 1st period - Wrist shot by Jordan LaVallee.
11:04 of 1st period - Shot Blocked by Nick Shore.
11:06 of 1st period - Slapshot by Anton Cederholm.
11:06 of 1st period - Stopped by Anton Forsberg without a rebound.
11:07 of 1st period - Henrik Borgstrom wins face-off versus Cristoval Nieves in Phantoms zone.
11:14 of 1st period - Wrist shot by Henrik Borgstrom.
11:14 of 1st period - Stopped by Anton Forsberg without a rebound.
11:15 of 1st period - Cristoval Nieves wins face-off versus Sebastian Wannstrom in Phantoms zone.
11:24 of 1st period - Wrist shot by Erik Nystrom.
11:24 of 1st period - Stopped by Connor Knapp with a rebound.
11:40 of 1st period - Ilya Mikheyev is hit by Michael Bournival and loses puck.
11:51 of 1st period - Snap shot by Michael Bournival.
11:51 of 1st period - Shot Misses the Net.
12:25 of 1st period - Rinat Valiev is hit by Henrik Borgstrom and loses puck.
12:48 of 1st period - Snap shot by Erik Nystrom.
12:48 of 1st period - Stopped by Connor Knapp without a rebound.
12:49 of 1st period - Roman Horak wins face-off versus Cristoval Nieves in Little Stars zone.
13:22 of 1st period - Wrist shot by Calle Jarnkrok.
13:22 of 1st period - Stopped by Connor Knapp with a rebound.
13:25 of 1st period - Icing by Henrik Borgstrom.
13:26 of 1st period - Nick Shore wins face-off versus Henrik Borgstrom in Little Stars zone.
13:48 of 1st period - Off-side.
13:49 of 1st period - Daniel O'regan wins face-off versus Calle Jarnkrok in neutral zone.
14:00 of 1st period - Snap shot by Jordan LaVallee.
14:00 of 1st period - Stopped by Anton Forsberg without a rebound.
14:01 of 1st period - Ilya Mikheyev wins face-off versus Calle Jarnkrok in Phantoms zone.
14:02 of 1st period - Wrist shot by Jordan LaVallee.
14:02 of 1st period - Shot Misses the Net.
14:26 of 1st period - Snap shot by Cristoval Nieves.
14:26 of 1st period - Shot Misses the Net.
14:28 of 1st period - Snap shot by Nick Sorensen.
14:28 of 1st period - Stopped by Connor Knapp without a rebound.
14:29 of 1st period - Cristoval Nieves wins face-off versus Jason Dickinson in Little Stars zone.
14:32 of 1st period - Slapshot by Erik Nystrom.
14:32 of 1st period - Shot Misses the Net.
14:34 of 1st period - Snap shot by Erik Nystrom.
14:34 of 1st period - Shot Misses the Net.
14:36 of 1st period - Snap shot by Nick Sorensen.
14:36 of 1st period - Shot Misses the Net.
14:38 of 1st period - Snap shot by Nick Sorensen.
14:38 of 1st period - Shot Misses the Net.
14:40 of 1st period - Snap shot by Nick Sorensen.
14:40 of 1st period - Stopped by Connor Knapp with a rebound.
14:42 of 1st period - Slapshot by Brenden Kichton.
14:42 of 1st period - Shot Blocked by Joakim Nygard.
14:44 of 1st period - Slapshot by Erik Nystrom.
14:44 of 1st period - Deflect By Cristoval Nieves.
14:44 of 1st period - Stopped by Connor Knapp without a rebound.
14:45 of 1st period - Daniel O'regan wins face-off versus Calle Jarnkrok in Little Stars zone.
14:56 of 1st period - Wrist shot by Daniel O'regan.
14:56 of 1st period - Shot Blocked by Michael Bournival.
14:58 of 1st period - Slapshot by Anton Cederholm.
14:58 of 1st period - Stopped by Anton Forsberg without a rebound.
14:59 of 1st period - Nick Shore wins face-off versus Henrik Borgstrom in Phantoms zone.
15:24 of 1st period - Mark Alt is hit by Eric Knodel and loses puck.
15:28 of 1st period - Icing by Mark Alt.
15:29 of 1st period - Jason Dickinson wins face-off versus Nick Shore in Phantoms zone.
16:39 of 1st period - Wrist shot by Michael Mersch.
16:39 of 1st period - Shot Blocked by Ivan Provorov.
16:41 of 1st period - Slapshot by Eric Knodel.
16:41 of 1st period - Stopped by Anton Forsberg with a rebound.
16:43 of 1st period - Backhand shot by Anton Cederholm.
16:43 of 1st period - Shot Misses the Net.
16:45 of 1st period - Slapshot by Eric Knodel.
16:45 of 1st period - Shot Misses the Net.
17:25 of 1st period - Snap shot by Nick Sorensen.
17:25 of 1st period - Goal by Nick Sorensen - Phantoms : 2 - Little Stars : 1.
17:26 of 1st period - Adam Tambellini wins face-off versus Calle Jarnkrok in neutral zone.
17:37 of 1st period - Snap shot by Sebastian Wannstrom.
17:37 of 1st period - Deflect By Henrik Borgstrom.
17:37 of 1st period - Stopped by Anton Forsberg without a rebound.
17:38 of 1st period - Calle Jarnkrok wins face-off versus Daniel O'regan in Phantoms zone.
18:05 of 1st period - Adam Tambellini is hit by Brenden Kichton and loses puck.
19:06 of 1st period - Snap shot by Michael Mersch.
19:06 of 1st period - Shot Misses the Net.
19:14 of 1st period - Snap shot by Daniel O'regan.
19:14 of 1st period - Stopped by Anton Forsberg with a rebound.
19:16 of 1st period - Slapshot by Jordan LaVallee.
19:16 of 1st period - Deflect By Travis Konecny.
19:16 of 1st period - Shot Misses the Net.
19:16 of 1st period - Puck is out of play.
19:17 of 1st period - Henrik Borgstrom wins face-off versus Nick Shore in Phantoms zone.
19:26 of 1st period - Anton Cederholm is hit by Nick Shore and loses puck.
19:33 of 1st period - Snap shot by Nick Shore.
19:33 of 1st period - Stopped by Connor Knapp without a rebound.
19:34 of 1st period - Calle Jarnkrok wins face-off versus Daniel O'regan in Little Stars zone.
19:37 of 1st period - Snap shot by Michael Bournival.
19:37 of 1st period - Shot Misses the Net.
19:39 of 1st period - Slapshot by Ivan Provorov.
19:39 of 1st period - Stopped by Connor Knapp with a rebound.
19:41 of 1st period - Wrist shot by Michael Bournival.
19:41 of 1st period - Stopped by Connor Knapp with a rebound.
19:43 of 1st period - Slapshot by Ivan Provorov.
19:43 of 1st period - Deflect By Travis Konecny.
19:43 of 1st period - Goal by Travis Konecny - Phantoms : 3 - Little Stars : 1.
19:44 of 1st period - Daniel O'regan wins face-off versus Calle Jarnkrok in neutral zone.
Goals for this period are 3 for Phantoms vs 1 for Little Stars.
Shots for this period are 22 for Phantoms vs 12 for Little Stars.
2nd period
0:01 of 2nd period - Henrik Borgstrom wins face-off versus Calle Jarnkrok in neutral zone.
0:30 of 2nd period - Snap shot by Alex DeBrincat.
0:30 of 2nd period - Stopped by Connor Knapp with a rebound.
0:32 of 2nd period - Snap shot by Sven Andrighetto.
0:32 of 2nd period - Deflect By Alex DeBrincat.
0:32 of 2nd period - Shot Misses the Net.
0:32 of 2nd period - Puck is out of play.
0:33 of 2nd period - Jason Dickinson wins face-off versus Nick Shore in Little Stars zone.
0:42 of 2nd period - Slapshot by Jason Dickinson.
0:42 of 2nd period - Shot Misses the Net.
1:22 of 2nd period - Icing by Blake Heinrich.
1:23 of 2nd period - Lucas Wallmarkk wins face-off versus Henrik Borgstrom in Phantoms zone.
1:23 of 2nd period - Lucas Wallmarkk is hit by Adam Tambellini.
1:31 of 2nd period - Snap shot by Brendan Leipsic.
1:31 of 2nd period - Shot Misses the Net.
1:33 of 2nd period - Slapshot by Rinat Valiev.
1:33 of 2nd period - Shot Blocked by Eric Knodel.
1:55 of 2nd period - Snap shot by Travis Konecny.
1:55 of 2nd period - Stopped by Connor Knapp without a rebound.
1:56 of 2nd period - Daniel O'regan wins face-off versus Nick Shore in Little Stars zone.
1:56 of 2nd period - Daniel O'regan is hit by Nick Shore.
2:24 of 2nd period - Snap shot by Joakim Nygard.
2:24 of 2nd period - Deflect By Travis Konecny.
2:24 of 2nd period - Shot Misses the Net.
2:24 of 2nd period - Puck is out of play.
2:25 of 2nd period - Calle Jarnkrok wins face-off versus Jason Dickinson in Phantoms zone.
2:32 of 2nd period - Slapshot by Travis Konecny.
2:32 of 2nd period - Stopped by Connor Knapp without a rebound.
2:33 of 2nd period - Henrik Borgstrom wins face-off versus Calle Jarnkrok in Little Stars zone.
2:44 of 2nd period - Slapshot by Sebastian Wannstrom.
2:44 of 2nd period - Shot Misses the Net.
2:46 of 2nd period - Snap shot by Sebastian Wannstrom.
2:46 of 2nd period - Stopped by Anton Forsberg without a rebound.
2:47 of 2nd period - Daniel O'regan wins face-off versus Nick Shore in Phantoms zone.
2:56 of 2nd period - Snap shot by Alex DeBrincat.
2:56 of 2nd period - Goal by Alex DeBrincat - Phantoms : 4 - Little Stars : 1.
2:57 of 2nd period - Calle Jarnkrok wins face-off versus Daniel O'regan in neutral zone.
3:04 of 2nd period - Snap shot by Calle Jarnkrok.
3:04 of 2nd period - Shot Blocked by Jordan LaVallee.
3:27 of 2nd period - Alex DeBrincat is hit by Henrik Borgstrom and loses puck.
3:38 of 2nd period - Minor Penalty to Sven Andrighetto for Roughing.
3:39 of 2nd period - Daniel O'regan wins face-off versus Michael Bournival in Phantoms zone.
3:50 of 2nd period - Wrist shot by Ilya Mikheyev.
3:50 of 2nd period - Stopped by Anton Forsberg with a rebound.
5:06 of 2nd period - Mark Alt is hit by Jordan LaVallee and loses puck.
5:38 of 2nd period - Penalty to Sven Andrighetto is over, Sven Andrighetto is back on ice.
6:13 of 2nd period - Snap shot by Ville Pokka.
6:13 of 2nd period - Shot Misses the Net.
6:31 of 2nd period - Lucas Wallmarkk is hit by Joakim Nygard.
7:24 of 2nd period - Snap shot by Cristoval Nieves.
7:24 of 2nd period - Stopped by Connor Knapp with a rebound.
7:40 of 2nd period - Alex DeBrincat is hit by Zach Budish and loses puck.
8:12 of 2nd period - Minor Penalty to Brendan Leipsic for Delaying the game.
8:13 of 2nd period - Daniel O'regan wins face-off versus Michael Bournival in Phantoms zone.
8:14 of 2nd period - Wrist shot by Jordan LaVallee.
8:14 of 2nd period - Stopped by Anton Forsberg with a rebound.
8:16 of 2nd period - Wrist shot by Jordan LaVallee.
8:16 of 2nd period - Stopped by Anton Forsberg without a rebound.
8:17 of 2nd period - Michael Bournival wins face-off versus Jordan LaVallee in Phantoms zone.
8:52 of 2nd period - Snap shot by Jordan LaVallee.
8:52 of 2nd period - Shot Misses the Net.
8:54 of 2nd period - Slapshot by Eric Knodel.
8:54 of 2nd period - Stopped by Anton Forsberg without a rebound.
8:55 of 2nd period - Michael Bournival wins face-off versus Henrik Borgstrom in Phantoms zone.
9:44 of 2nd period - Slapshot by Ivan Provorov.
9:44 of 2nd period - Deflect By A.J. Greer.
9:44 of 2nd period - Stopped by Connor Knapp with a rebound.
10:12 of 2nd period - Penalty to Brendan Leipsic is over, Brendan Leipsic is back on ice.
10:33 of 2nd period - Icing by Mikko Lehtonen.
10:34 of 2nd period - Roman Horak wins face-off versus Cristoval Nieves in Phantoms zone.
12:06 of 2nd period - Minor Penalty to Nick Sorensen for Tripping.
12:07 of 2nd period - Michael Bournival wins face-off versus Ilya Mikheyev in Phantoms zone.
12:07 of 2nd period - Michael Bournival is hit by Daniel O'regan.
12:22 of 2nd period - Wrist shot by Jordan LaVallee.
12:22 of 2nd period - Deflect By Ilya Mikheyev.
12:22 of 2nd period - Stopped by Anton Forsberg with a rebound.
12:36 of 2nd period - Wrist shot by Eric Knodel.
12:36 of 2nd period - Shot Blocked by Mark Alt.
12:38 of 2nd period - Slapshot by Anton Cederholm.
12:38 of 2nd period - Stopped by Anton Forsberg without a rebound.
12:39 of 2nd period - Travis Konecny wins face-off versus Daniel O'regan in Phantoms zone.
14:06 of 2nd period - Penalty to Nick Sorensen is over, Nick Sorensen is back on ice.
14:35 of 2nd period - Off-side.
14:36 of 2nd period - Roman Horak wins face-off versus Nick Shore in neutral zone.
14:45 of 2nd period - Wrist shot by Daniil Tarasov.
14:45 of 2nd period - Stopped by Anton Forsberg with a rebound.
14:51 of 2nd period - Ville Pokka is hit by Rinat Valiev and loses puck.
15:03 of 2nd period - Minor Penalty to Sebastian Wannstrom for Roughing.
15:04 of 2nd period - Calle Jarnkrok wins face-off versus Daniel O'regan in Little Stars zone.
17:03 of 2nd period - Penalty to Sebastian Wannstrom is over, Sebastian Wannstrom is back on ice.
17:16 of 2nd period - Wrist shot by Roman Horak.
17:16 of 2nd period - Stopped by Anton Forsberg without a rebound.
17:17 of 2nd period - Henrik Borgstrom wins face-off versus Cristoval Nieves in Phantoms zone.
18:16 of 2nd period - Snap shot by Joakim Nygard.
18:16 of 2nd period - Goal by Joakim Nygard - Phantoms : 4 - Little Stars : 2.
18:17 of 2nd period - Calle Jarnkrok wins face-off versus Daniel O'regan in neutral zone.
18:43 of 2nd period - Ivan Provorov is hit by Adam Tambellini and loses puck.
18:53 of 2nd period - Sven Andrighetto is hit by Adam Tambellini and loses puck.
19:04 of 2nd period - Wrist shot by Roman Horak.
19:04 of 2nd period - Stopped by Anton Forsberg with a rebound.
19:14 of 2nd period - Backhand shot by Rinat Valiev.
19:14 of 2nd period - Stopped by Connor Knapp with a rebound.
19:30 of 2nd period - Slapshot by Daniel O'regan.
19:30 of 2nd period - Shot Misses the Net.
19:56 of 2nd period - Wrist shot by Zach Budish.
19:56 of 2nd period - Shot Misses the Net.
Goals for this period are 1 for Phantoms vs 1 for Little Stars.
Shots for this period are 7 for Phantoms vs 11 for Little Stars.
3rd period
0:01 of 3rd period - Calle Jarnkrok wins face-off versus Daniel O'regan in neutral zone.
0:26 of 3rd period - Calle Jarnkrok is hit by Joakim Nygard and loses puck.
1:08 of 3rd period - Alex DeBrincat is hit by Daniel O'regan.
1:20 of 3rd period - Slapshot by Tucker Poolman.
1:20 of 3rd period - Stopped by Anton Forsberg with a rebound.
1:22 of 3rd period - Slapshot by Reece Willcox.
1:22 of 3rd period - Deflect By Michael Mersch.
1:22 of 3rd period - Goal by Michael Mersch - Phantoms : 4 - Little Stars : 3.
1:23 of 3rd period - Jordan LaVallee wins face-off versus Calle Jarnkrok in neutral zone.
1:38 of 3rd period - Wrist shot by Travis Konecny.
1:38 of 3rd period - Stopped by Connor Knapp with a rebound.
1:55 of 3rd period - Snap shot by Henrik Borgstrom.
1:55 of 3rd period - Stopped by Anton Forsberg without a rebound.
1:56 of 3rd period - Henrik Borgstrom wins face-off versus Calle Jarnkrok in Phantoms zone.
3:06 of 3rd period - Icing by Anton Cederholm.
3:07 of 3rd period - Jason Dickinson wins face-off versus Calle Jarnkrok in Little Stars zone.
3:45 of 3rd period - Wrist shot by Zach Budish.
3:45 of 3rd period - Shot Misses the Net.
3:47 of 3rd period - Slapshot by Joakim Nygard.
3:47 of 3rd period - Shot Blocked by Blake Heinrich.
3:49 of 3rd period - Backhand shot by Joakim Nygard.
3:49 of 3rd period - Deflect By Zach Budish.
3:49 of 3rd period - Stopped by Anton Forsberg with a rebound.
3:51 of 3rd period - Snap shot by Joakim Nygard.
3:51 of 3rd period - Goal by Joakim Nygard - Phantoms : 4 - Little Stars : 4.
3:52 of 3rd period - Daniel O'regan wins face-off versus Nick Shore in neutral zone.
3:55 of 3rd period - Slapshot by Reece Willcox.
3:55 of 3rd period - Shot Blocked by Mark Alt.
4:21 of 3rd period - Off-side.
4:22 of 3rd period - Cristoval Nieves wins face-off versus Henrik Borgstrom in neutral zone.
4:31 of 3rd period - Snap shot by Erik Nystrom.
4:31 of 3rd period - Deflect By Anton Cederholm.
4:31 of 3rd period - Stopped by Connor Knapp without a rebound.
4:32 of 3rd period - Adam Tambellini wins face-off versus Michael Bournival in Little Stars zone.
4:32 of 3rd period - Adam Tambellini is hit by Michael Bournival.
4:38 of 3rd period - Snap shot by Sebastian Wannstrom.
4:38 of 3rd period - Stopped by Anton Forsberg with a rebound.
4:40 of 3rd period - Snap shot by Eric Knodel.
4:40 of 3rd period - Shot Misses the Net.
4:42 of 3rd period - Wrist shot by Sebastian Wannstrom.
4:42 of 3rd period - Shot Misses the Net.
4:44 of 3rd period - Slapshot by Anton Cederholm.
4:44 of 3rd period - Stopped by Anton Forsberg with a rebound.
4:46 of 3rd period - Wrist shot by Eric Knodel.
4:46 of 3rd period - Stopped by Anton Forsberg without a rebound.
4:47 of 3rd period - Nick Shore wins face-off versus Daniel O'regan in Phantoms zone.
4:49 of 3rd period - Minor Penalty to Sven Andrighetto for Holding Stick.
4:50 of 3rd period - Daniel O'regan wins face-off versus Michael Bournival in Phantoms zone.
4:54 of 3rd period - Wrist shot by Ilya Mikheyev.
4:54 of 3rd period - Goal by Ilya Mikheyev - Phantoms : 4 - Little Stars : 5.
4:55 of 3rd period - Calle Jarnkrok wins face-off versus Daniel O'regan in neutral zone.
5:08 of 3rd period - Wrist shot by Travis Konecny.
5:08 of 3rd period - Shot Misses the Net.
5:10 of 3rd period - Slapshot by Ivan Provorov.
5:10 of 3rd period - Shot Misses the Net.
5:27 of 3rd period - Wrist shot by Sven Andrighetto.
5:27 of 3rd period - Shot Blocked by Henrik Borgstrom.
5:47 of 3rd period - Snap shot by Lucas Wallmarkk.
5:47 of 3rd period - Goal by Lucas Wallmarkk - Phantoms : 5 - Little Stars : 5.
5:48 of 3rd period - Daniel O'regan wins face-off versus Calle Jarnkrok in neutral zone.
6:13 of 3rd period - Alex DeBrincat is hit by Henrik Borgstrom.
6:35 of 3rd period - Slapshot by Eric Knodel.
6:35 of 3rd period - Shot Misses the Net.
6:46 of 3rd period - Off-side.
6:47 of 3rd period - Daniel O'regan wins face-off versus Calle Jarnkrok in neutral zone.
7:13 of 3rd period - Sven Andrighetto is hit by Jason Dickinson and loses puck.
8:02 of 3rd period - Slapshot by Ivan Provorov.
8:02 of 3rd period - Stopped by Connor Knapp with a rebound.
8:04 of 3rd period - Slapshot by Mark Alt.
8:04 of 3rd period - Stopped by Connor Knapp without a rebound.
8:05 of 3rd period - Lucas Wallmarkk wins face-off versus Daniel O'regan in Little Stars zone.
8:08 of 3rd period - Wrist shot by Brendan Leipsic.
8:08 of 3rd period - Shot Blocked by Eric Knodel.
8:10 of 3rd period - Snap shot by Lucas Wallmarkk.
8:10 of 3rd period - Goal by Lucas Wallmarkk - Phantoms : 6 - Little Stars : 5.
8:11 of 3rd period - Daniel O'regan wins face-off versus Calle Jarnkrok in neutral zone.
8:43 of 3rd period - Snap shot by Sebastian Wannstrom.
8:43 of 3rd period - Deflect By Adam Tambellini.
8:43 of 3rd period - Shot Hit the Post.
8:43 of 3rd period - Puck is out of play.
8:44 of 3rd period - Adam Tambellini wins face-off versus Calle Jarnkrok in Phantoms zone.
8:47 of 3rd period - Snap shot by Adam Tambellini.
8:47 of 3rd period - Stopped by Anton Forsberg without a rebound.
8:48 of 3rd period - Michael Bournival wins face-off versus Henrik Borgstrom in Phantoms zone.
8:57 of 3rd period - Slapshot by Michael Bournival.
8:57 of 3rd period - Deflect By Travis Konecny.
8:57 of 3rd period - Stopped by Connor Knapp with a rebound.
8:59 of 3rd period - Wrist shot by Michael Bournival.
8:59 of 3rd period - Stopped by Connor Knapp with a rebound.
9:01 of 3rd period - Slapshot by Mark Alt.
9:01 of 3rd period - Stopped by Connor Knapp without a rebound.
9:02 of 3rd period - Daniel O'regan wins face-off versus Michael Bournival in Little Stars zone.
9:05 of 3rd period - Slapshot by Calle Jarnkrok.
9:05 of 3rd period - Shot Misses the Net.
9:07 of 3rd period - Slapshot by Travis Konecny.
9:07 of 3rd period - Stopped by Connor Knapp with a rebound.
9:09 of 3rd period - Snap shot by Calle Jarnkrok.
9:09 of 3rd period - Stopped by Connor Knapp with a rebound.
9:11 of 3rd period - Slapshot by Mark Alt.
9:11 of 3rd period - Stopped by Connor Knapp without a rebound.
9:12 of 3rd period - Calle Jarnkrok wins face-off versus Daniel O'regan in Little Stars zone.
9:35 of 3rd period - Snap shot by Michael Bournival.
9:35 of 3rd period - Shot Blocked by Ilya Mikheyev.
10:00 of 3rd period - Minor Penalty to Eric Knodel for Hooking.
10:01 of 3rd period - Nick Shore wins face-off versus Daniel O'regan in Little Stars zone.
10:05 of 3rd period - Wrist shot by Alex DeBrincat.
10:05 of 3rd period - Shot Misses the Net.
10:07 of 3rd period - Slapshot by Nick Shore.
10:07 of 3rd period - Stopped by Connor Knapp without a rebound.
10:08 of 3rd period - Nick Shore wins face-off versus Daniel O'regan in Little Stars zone.
11:22 of 3rd period - Icing by Alex DeBrincat.
11:23 of 3rd period - Nick Shore wins face-off versus Jason Dickinson in Phantoms zone.
11:34 of 3rd period - Snap shot by Calle Jarnkrok.
11:34 of 3rd period - Shot Misses the Net.
12:00 of 3rd period - Penalty to Eric Knodel is over, Eric Knodel is back on ice.
12:11 of 3rd period - Snap shot by Joakim Nygard.
12:11 of 3rd period - Stopped by Anton Forsberg without a rebound.
12:12 of 3rd period - Cristoval Nieves wins face-off versus Jason Dickinson in Phantoms zone.
12:37 of 3rd period - Nick Shore is hit by Henrik Borgstrom and loses puck.
12:46 of 3rd period - Slapshot by Sebastian Wannstrom.
12:46 of 3rd period - Stopped by Anton Forsberg without a rebound.
12:47 of 3rd period - Daniel O'regan wins face-off versus Calle Jarnkrok in Phantoms zone.
13:23 of 3rd period - Blake Heinrich is hit by Anton Cederholm and loses puck.
14:14 of 3rd period - Snap shot by Sebastian Wannstrom.
14:14 of 3rd period - Stopped by Anton Forsberg with a rebound.
14:25 of 3rd period - Minor Penalty to Henrik Borgstrom for High sticking.
14:26 of 3rd period - Nick Shore wins face-off versus Daniel O'regan in Little Stars zone.
14:26 of 3rd period - Wrist shot by Alex DeBrincat.
14:26 of 3rd period - Shot Misses the Net.
14:28 of 3rd period - Slapshot by Mark Alt.
14:28 of 3rd period - Stopped by Connor Knapp with a rebound.
14:30 of 3rd period - Snap shot by Sven Andrighetto.
14:30 of 3rd period - Stopped by Connor Knapp without a rebound.
14:31 of 3rd period - Daniel O'regan wins face-off versus Nick Shore in Little Stars zone.
14:31 of 3rd period - Daniel O'regan is hit by Alex DeBrincat.
14:36 of 3rd period - Tucker Poolman is hit by Nick Shore and loses puck.
15:36 of 3rd period - Icing by Rinat Valiev.
15:37 of 3rd period - Calle Jarnkrok wins face-off versus Daniel O'regan in Phantoms zone.
16:25 of 3rd period - Penalty to Henrik Borgstrom is over, Henrik Borgstrom is back on ice.
17:42 of 3rd period - Sven Andrighetto is hit by Anton Cederholm and loses puck.
17:49 of 3rd period - Wrist shot by Jason Dickinson.
17:49 of 3rd period - Shot Misses the Net.
17:51 of 3rd period - Snap shot by Jason Dickinson.
17:51 of 3rd period - Shot Misses the Net.
18:11 of 3rd period - Off-side.
18:12 of 3rd period - Daniel O'regan wins face-off versus Lucas Wallmarkk in neutral zone.
18:15 of 3rd period - Wrist shot by Jordan LaVallee.
18:15 of 3rd period - Deflect By Ivan Provorov.
18:15 of 3rd period - Stopped by Anton Forsberg with a rebound.
18:17 of 3rd period - Snap shot by Ilya Mikheyev.
18:17 of 3rd period - Shot Misses the Net.
18:19 of 3rd period - Snap shot by Jordan LaVallee.
18:19 of 3rd period - Stopped by Anton Forsberg with a rebound.
18:21 of 3rd period - Snap shot by Ville Pokka.
18:21 of 3rd period - Shot Blocked by Brendan Leipsic.
18:27 of 3rd period - Backhand shot by Ilya Mikheyev.
18:27 of 3rd period - Shot Blocked by Mark Alt.
18:33 of 3rd period - Minor Penalty to Lucas Wallmarkk for Hooking.
18:34 of 3rd period - Michael Bournival wins face-off versus Jordan LaVallee in Phantoms zone.
18:41 of 3rd period - Snap shot by Jordan LaVallee.
18:41 of 3rd period - Shot Blocked by Ivan Provorov.
18:45 of 3rd period - Little Stars, Connor Knapp is pulled from the net.
18:49 of 3rd period - Snap shot by Daniel O'regan.
18:49 of 3rd period - Shot Misses the Net.
Goals for this period are 2 for Phantoms vs 3 for Little Stars.
Shots for this period are 15 for Phantoms vs 15 for Little Stars.